 Dungeon Crawl Stone Soup version 0.27.0-1-g7a089689b8 (webtiles) character file.

Game seed: 16339276179599187080

216833 shoop the Sorcerer (level 20, 0/148 HPs)
             Began as a Djinni Conjurer on Aug 7, 2021.
             Was a High Priest of Ashenzari.
             Killed from afar by a hell hog (15 damage)
             ... with a fireball
             ... on level 3 of the Abyss on Aug 9, 2021.
             The game lasted 02:35:41 (46344 turns).

shoop the Sorcerer (Djinni Conjurer)               Turns: 46344, Time: 02:35:42

Health: 0/148      AC: 24    Str:  8    XL:     20   Next: 24%
Gold:   2367       EV: 11    Int: 36    God:    Ashenzari [*****.] SH:  7 Dex: 13

rFire    + . .     SeeInvis +   b - staff of conjuration (curse) {Self, Cun}
rCold    + . .     Faith    .   a - +1 buckler "Restrained Together" {Rampage rCorr Int+4 Stlth+, Evo, Self} (curse)
rNeg     . . .     Spirit   .   R - +0 ice dragon scales
rPois    ∞         Reflect  .   n - +0 helmet of the Revealing Planets {Range, Evo} (curse)
rElec    .         Harm     .   C - +0 cloak "Prescient Stickiness" {Evo, Melee} (curse)
rCorr    +         Rampage  +   s - +0 pair of gloves of the Unyielding Gaze {Range, Fort} (curse)
Will     ++...     Clarity  +   (boots unavailable)
Stlth    +++.......             r - amulet of Ashenzari's Burden {Acrobat, Fort, Self} (curse)
HPRegen  0.34/turn              h - +4 ring of protection
MPRegen  0.00/turn              H - ring of Ouranomancy {Int+6, Evo, Self} (curse)

@: flying
A: sickness immunity, fire resistance 2, cold vulnerability 1, float, innate
caster, hp casting, extra vitality 1
a: Renounce Religion, Curse Item, Shatter the Chains


You were on level 3 of the Abyss.
You worshipped Ashenzari.
Ashenzari was extremely pleased with you.
You visited 5 branches of the dungeon, and saw 29 of its levels.
You visited the Abyss 1 time.
You also visited: Ice Cave.

You collected 2767 gold pieces.
You spent 400 gold pieces at shops.

Inventory:

Missiles
 y - 4 throwing nets
Armour
 a - the cursed +1 buckler "Restrained Together" (worn) {Rampage rCorr Int+4 Stlth+, Evo, Self}
   (You found it on level 3 of the Lair of Beasts)

   Int:       It affects your intelligence (+4).
   rCorr:     It protects you from acid and corrosion.
   Rampage:   It bestows one free step when moving towards enemies.
   Stlth:     It makes you more stealthy.
   It has a curse which improves the following skills: Evocations: Evocations.
   Introspection: Fighting and Spellcasting.
 n - the cursed +0 helmet of the Revealing Planets (worn) {Range, Evo}
   (You found it on level 2 of the Dungeon)

   It has a curse which improves the following skills: Ranged Combat: Slings,
   Bows, Crossbows and Throwing.
   Evocations: Evocations.
 s - the cursed +0 pair of gloves of the Unyielding Gaze (worn) {Range, Fort}
   (You found it on level 4 of the Dungeon)

   It has a curse which improves the following skills: Ranged Combat: Slings,
   Bows, Crossbows and Throwing.
   Fortitude: Armour and Shields.
 C - the cursed +0 cloak "Prescient Stickiness" (worn) {Evo, Melee}
   (You found it on level 8 of the Dungeon)

   It has a curse which improves the following skills: Evocations: Evocations.
   Melee Combat: Short Blades, Long Blades, Axes, Maces & Flails, Polearms,
   Staves and Unarmed Combat.
 G - the +0 ring mail of the Wary Interlopers {rPois rF++}
   (You bought it in a shop on level 8 of the Dungeon)

   rF:        It greatly protects you from fire.
   rPois:     It protects you from poison.
 M - a +2 pair of gloves of strength
 R - +0 ice dragon scales (worn)
 V - a +2 cloak of willpower
Magical Staves
 b - a cursed staff of conjuration (weapon) {Self, Cun}
Jewellery
 h - a +4 ring of protection (left hand)
 r - the cursed amulet of Ashenzari's Burden (around neck) {Acrobat, Fort, Self}
   (You found it on level 4 of the Dungeon)

   [amulet of the acrobat]

   It increases your evasion while moving and waiting.
   It has a curse which improves the following skills: Fortitude: Armour and
   Shields.
   Introspection: Fighting and Spellcasting.
 u - the amulet "Nuvas" {rF- Regen+ Dex+5}
   (You found it on level 3 of the Lair of Beasts)

   [amulet of regeneration]

   Dex:       It affects your dexterity (+5).
   rF:        It makes you vulnerable to fire.
   Regen:     It increases your rate of health regeneration.
 A - a ring of fire
 D - a +6 ring of strength
 H - the cursed ring of Ouranomancy (right hand) {Int+6, Evo, Self}
   (You took it off an orc on level 7 of the Dungeon)

   [ring of intelligence]

   Int:       It affects your intelligence (+6).
   It has a curse which improves the following skills: Evocations: Evocations.
   Introspection: Fighting and Spellcasting.
 W - a +6 ring of dexterity
Wands
 j - a wand of polymorph (29)
 z - a wand of charming (6)
 L - a wand of mindburst (37)
 O - a wand of acid (8)
 P - a wand of paralysis (20)
 Q - a wand of iceblast (27)
Scrolls
 c - 11 scrolls of teleportation
 e - 8 scrolls of amnesia
 f - 9 scrolls of immolation
 g - 5 scrolls of enchant armour
 l - a scroll of silence
 m - 2 scrolls of holy word
 o - 8 scrolls of blinking
 p - 5 scrolls of fear
 x - a scroll of vulnerability
 I - 7 scrolls of enchant weapon
 J - 2 scrolls of fog
 K - 2 scrolls of brand weapon
 S - 4 scrolls of magic mapping
Potions
 d - 8 potions of lignification
 i - 3 potions of heal wounds
 k - 9 potions of attraction
 q - 8 potions of curing
 t - 3 potions of invisibility
 v - 2 potions of mutation
 w - a potion of cancellation
 B - 3 potions of haste
 F - a potion of ambrosia
 N - 3 potions of brilliance
 U - 3 potions of might
 X - a potion of resistance
Miscellaneous
 E - a lightning rod (4/4)
 T - a phial of floods
 Y - a condenser vane
 Z - a box of beasts (inert)


   Skills:
 + Level 8.7(14.7) Fighting
 + Level 0.9(2.3) Staves
 + Level 11.0(14.7) Armour
 + Level 8.7(11.3) Dodging
 + Level 5.8(8.5) Stealth
 + Level 3.5(7.1) Shields
 + Level 21.4(26.4) Spellcasting
 + Level 5.1(11.1) Evocations


You had 19 spell levels left.
You knew the following spells:

 Your Spells              Type           Power      Damage    Failure   Level
a - Fireball              Conj/Fire      75%        3d28      0%          5
b - Searing Ray           Conj           100%       3d7       0%          2
c - Haunt                 Necr/Summ      63%        N/A       1%          7
d - Fulminant Prism       Conj/Hex       75%        3d32      0%          4
e - Iskenderun's Mystic   Conj/Tloc      100%       2d19      0%          4
f - Sandblast             Erth           100%       2d20      0%          1
g - Corpse Rot            Necr/Air       N/A        N/A       0%          2
h - Lesser Beckoning      Tloc           63%        N/A       0%          3
i - Swiftness             Air            100%       N/A       0%          3
j - Magic Dart            Conj           100%       1d8       0%          1
k - Alistair's Intoxicat  Tmut/Pois      84%        N/A       0%          5
l - Shadow Creatures      Summ           N/A        N/A       0%          6
m - Statue Form           Tmut/Erth      84%        N/A       0%          6
n - Dazzling Flash        Conj/Hex       100%       N/A       0%          3
Your spell library was empty.

Dungeon Overview and Level Annotations

Branches:
Dungeon (15/15)            Temple (0/1) D:7            Lair (6/6) D:11
 Shoals (0/4) Lair:3       Spider (0/4) Lair:4        Slime (0/5) Lair:6
    Orc (2/2) D:10            Elf (1/3) Orc:2        Vaults (0/5) D:13
 Depths (5/5) D:15          IceCv (visited)
    Zot: Depths:5

Altars:
Ashenzari
Dithmenos
Fedhas
Kikubaaqudgha
Makhleb
Nemelex Xobeh
Qazlal
Ru
Uskayaw
Vehumet
Wu Jian
Xom
Yredelemnul
The Shining One
Beogh
Jiyva

Shops:
D:4 =   D:5 *   D:8 [   Orc:2 *!?(   Depths:1 ::=

Portals:
Hell: Depths:1 Depths:2 Depths:3 Depths:4
Abyss: Depths:1 Depths:3 Depths:4
Pandemonium: Depths:3 Depths:4
Ziggurat: Depths:5

Annotations:
D:3 3 runed translucent doors, Spaninq's ghost, amateur NaBr
D:11 1 runed translucent door
Lair:3 3 exclusions
Orc:2 3 runed translucent doors, tatocazan's ghost, journeyman MiFi
Elf:1 exclusion: door
Depths:4 Boris
Depths:5 exclusion: caustic shrike


Innate Abilities, Weirdness & Mutations

You are immune to sickness and miasma.
You are immune to poison.
Your flesh is very heat resistant. (rF++)
You are vulnerable to cold. (rC-)
You float through the air rather than walking.
You learn spells naturally, not from books.
Your magical power is your life essence.
You have superior vitality. (+4 HP)


Message History

The rust devil screeches!
* * * LOW HITPOINT WARNING * * *
You hear an angry squeal.
You hear a hideous shriek!
The hell hog bites you but does no damage.
Unknown command.
Casting: Fireball (safe; 0% risk of failure)
Confirm with . or Enter, or press ? or * to list all spells.
Okay, then.
You closely miss the hell hog.
The hell hog is lightly wounded.
The hell hog bites you but does no damage.
A neqoxec comes into view.
Unknown command.
You hit the hell hog but do no damage.
The hell hog is lightly wounded.
You block the hell hog's attack.
A freezing wraith comes into view.
The hell hog breathes fire at you.
The fireball explodes!
The fireball engulfs you! You resist.
* * * LOW HITPOINT WARNING * * *
The fireball engulfs the hell hog.
The hell hog resists.
You hear a hideous shriek!
Unknown command.
You hit the hell hog.
The hell hog is moderately wounded.
The hell hog closely misses you.
A starcursed mass comes into view.
A smoke demon comes into view.
Unknown command.
Unknown command.
You hit the hell hog but do no damage.
The hell hog is moderately wounded.
The hell hog closely misses you. The hell hog barely misses you.
Unknown command.
Casting: Fireball (safe; 0% risk of failure)
Confirm with . or Enter, or press ? or * to list all spells.
Wisps of shadow whirl around you...
The shadows disperse without effect.
* * * LOW HITPOINT WARNING * * *
The hell hog breathes fire at you.
The fireball explodes!
The fireball engulfs you! You resist.
You die...

** , ,#. , ,* *
# ,# ,* **,*,
,≈,,.. *. ,,* *
* , *, ,.. { ,
* , # ..#.. # *
, * # .#
{.3.###. * , *
.,## ...
.###.## , . #
...##.#X#####,
,, ,* * # ##.
{X##@### ,
.#.## .
##3hh##.. , * .
...##
....4h####. ,
*,* # #.
#,#..#########,
* #.# # § # #
#. # , #. # *.
### { * , # .#.
* , , ..# , , ,
** , , # , * *,
* , * ,


You could see a starcursed mass, 3 hell hogs, a large abomination (wandering), a
rust devil, a sixfirhy and a smoke demon (wandering).

Vanquished Creatures
  3 liches
  Gastronok (Lair:2)
  Frances (D:14)
  2 tengu reavers
  Kirke (Lair:6)
  2 shadow dragons
  A storm dragon (Depths:3)
  4 frost giants
  2 deep elf sorcerers (Depths:2)
  An orc warlord (Orc:1)
  7 stone giants
  A vampire knight (Depths:1)
  10 very ugly things
  2 deep elf annihilators
  A merfolk javelineer (Depths:1)
  A deep elf death mage (Depths:3)
  A green death (Depths:4)
  Josephine (D:10)
  4 fire dragons
  3 rakshasas
  6 ettins
  A merfolk impaler (Depths:3)
  Harold (D:7)
  3 great orbs of eyes
  6 spriggan air magi
  9 ice dragons
  A quicksilver dragon skeleton (Depths:2)
  5 centaur warriors
  An ogre mage (D:13)
  12 hydras
  2 catoblepae
  4 boulder beetles
  2 death knights
  A dancing weapon (Elf:1)
  12 two-headed ogres
  5 death yaks (Lair:5)
  5 orc high priests (Orc:2)
  A tengu warrior (Depths:3)
  3 vampire magi
  5 deep troll earth magi
  3 deep troll shamans
  Urug (Lair:1)
  2 spriggan berserkers
  A soul eater (Depths:5)
  A deep elf knight (Elf:1)
  3 sixfirhies
  2 iron trolls (Depths:1)
  A skeletal warrior (D:14)
  2 glowing orange brains
  A storm dragon skeleton (Depths:4)
  A goliath frog (Lair:6)
  2 golden dragon zombies (Depths:4)
  7 deep trolls
  A gelid demonspawn (Depths:4)
  A flayed ghost (Depths:2)
  A shadow demon (Depths:3)
  19 wizards
  A starcursed mass (Abyss:3)
  A phantasmal warrior (D:14)
  4 lindwurms (Lair:3)
  6 deep elf pyromancers
  7 deep elf zephyrmancers
  An orc knight (D:15)
  6 orc sorcerers
  19 ugly things
  2 manticores
  3 necromancers
  5 cyclopes
  A frost giant zombie (Depths:1)
  15 elephants
  3 large abominations (Abyss:3)
  A frost giant skeleton (Depths:2)
  A black mamba (shapeshifter) (Depths:1)
  5 black mambas
  A rust devil (Abyss:3)
  A stone giant skeleton (Depths:1)
  A smoke demon (Abyss:3)
  A gargoyle (D:11)
  2 ice statues (IceCv)
  15 cane toads
  2 orange demons (Depths:3)
  Maggie (D:10)
  9 komodo dragons
  16 rime drakes
  An unseen horror (shapeshifter) (Abyss:3)
  A kobold demonologist (D:11)
  2 freezing wraiths
  A hellwing (Depths:3)
  3 ice devils
  7 tengu conjurers
  10 trolls
  2 ancient zymes (Abyss:3)
  A wind drake (Lair:3)
  A red devil (Depths:3)
  5 polar bears
  3 tyrant leeches (Lair:6)
  Prince Ribbit (Lair:1)
  29 blink frogs
  3 hornets
  17 slime creatures
  2 water elementals
  2 spriggans (Depths:4)
  2 shadows
  8 wraiths
  2 ynoxinuls
  A deep troll skeleton (Depths:1)
  2 hogs (Lair:6)
  A neqoxec (Depths:3)
  43 yaks
  A golden eye (Abyss:3)
  2 basilisks (D:11)
  A chaos spawn (Depths:3)
  13 steam dragons
  5 wyverns
  A human (Lair:6)
  8 vampire mosquitoes
  2 death yak simulacra (IceCv)
  3 acid dragons (D:11)
  2 floating eyes
  A human skeleton (Depths:2)
  12 water moccasins
  25 orc warriors
  3 ice beasts
  2 sky beasts
  5 black bears
  11 wolves
  3 necrophages
  17 centaurs
  4 boggarts (D:15)
  8 ogres
  2 elf simulacra (Depths:1)
  2 kobold brigands
  2 phantoms
  21 bullfrogs
  A water moccasin zombie (D:5)
  4 gnoll sergeants
  3 scorpions
  19 killer bees
  2 elephant simulacra (IceCv)
  8 wights
  8 howler monkeys
  4 electric eels
  2 small abominations (Abyss:3)
  A gnoll shaman (D:6)
  36 orc priests
  8 centaur zombies
  4 hounds
  4 jellies
  A centaur skeleton (D:6)
  2 iguanas
  31 orc wizards
  2 wolf simulacra (IceCv)
  A howler monkey zombie (D:9)
  Robin (D:4)
  23 gnolls
  6 adders
  A shadow imp (D:6)
  2 white imps
  An ufetubus (D:4)
  2 worms
  An adder skeleton (D:4)
  4 dart slugs
  68 orcs
  9 ball pythons
  7 bats
  10 endoplasms
  2 giant cockroaches
  19 goblins
  9 hobgoblins
  5 jackals
  20 kobolds
  3 quokkas
  4 frilled lizards
  5 rats
  A bush (Lair:2)
963 creatures vanquished.

Vanquished Creatures (collateral kills)
  Xtahua (Depths:4)
  A lich (Depths:4)
  A deep elf sorcerer (Depths:4)
  An orc warlord (Orc:2)
  A balrug (Depths:5)
  2 fire giants
  5 stone giants
  7 very ugly things
  A deep elf annihilator (Depths:4)
  An ettin (Depths:1)
  6 statues (Depths:4)
  5 fire dragons
  4 salamander tyrants (Depths:4)
  A spriggan air mage (Depths:5)
  A hell hog (Abyss:3)
  2 sun demons
  3 iron trolls
  A deep troll (Depths:2)
  A starcursed mass (Abyss:3)
  An infernal demonspawn (Depths:4)
  A slime creature (D:15)
  An elephant (Lair:6)
  2 ugly things (Depths:1)
  A smoke demon (Depths:3)
  An ancient zyme (Abyss:3)
  A wraith (Abyss:3)
  A spriggan skeleton (Depths:2)
  A floating eye (Depths:4)
  A black bear (shapeshifter) (D:13)
  An ufetubus (Abyss:3)
57 creatures vanquished.

Vanquished Creatures (others)
  A deep elf annihilator (Depths:4)
  A spriggan air mage (Depths:4)
  A tengu conjurer (Depths:4)
  2 humans (Lair:6)
  118 fulminant prisms
  53 fungi
  115 plants
291 creatures vanquished.

Grand Total: 1311 creatures vanquished

Notes
Turn   | Place    | Note
-------+----------+-------------------------------------------
     0 | D:1      | shoop the Djinni Conjurer began the quest for the Orb.
     0 | D:1      | Reached XP level 1. HP: 15/15 MP: 0/0
   244 | D:1      | Reached XP level 2. HP: 18/21 MP: 0/0
   726 | D:1      | Reached XP level 3. HP: 24/25 MP: 0/0
   726 | D:1      | Learned a level 1 spell: Sandblast
   915 | D:1      | Reached skill level 4 in Spellcasting
  1482 | D:2      | Reached XP level 4. HP: 27/31 MP: 0/0
  1768 | D:2      | Found a faded altar of an unknown god.
  2553 | D:3      | Found a runed translucent gate.
  2553 | D:3      | Found a runed translucent gate.
  2553 | D:3      | Found a runed translucent gate.
  2561 | D:3      | Noticed Spaninq's ghost (amateur NaBr)
  3162 | D:4      | Reached XP level 5. HP: 30/35 MP: 0/0
  3162 | D:4      | Learned a level 2 spell: Corpse Rot
  3164 | D:4      | Noticed Robin
  3174 | D:4      | Killed Robin
  3495 | D:4      | Reached skill level 5 in Spellcasting
  3915 | D:4      | Reached XP level 6. HP: 33/40 MP: 0/0
  4050 | D:4      | Found a broken altar of Ashenzari.
  4050 | D:4      | Noticed an ogre
  4077 | D:4      | Killed an ogre
  4078 | D:4      | Reached skill level 6 in Spellcasting
  4197 | D:4      | Reached XP level 7. HP: 30/45 MP: 0/0
  4197 | D:4      | Learned a level 3 spell: Lesser Beckoning
  4206 | D:4      | Found Otsoapoo's Jewellery Emporium.
  4263 | D:4      | Became a worshipper of Ashenzari the Shackled
  5092 | D:4      | Reached skill level 7 in Spellcasting
  5400 | D:5      | Entered Level 5 of the Dungeon
  5412 | D:5      | Reached XP level 8. HP: 29/50 MP: 0/0
  5856 | D:5      | Reached skill level 1 in Fighting
  6098 | D:5      | Reached skill level 8 in Spellcasting
  6298 | D:5      | Found Hifiwy's Assorted Antiques.
  6403 | D:6      | Reached XP level 9. HP: 49/58 MP: 0/0
  6403 | D:6      | Learned a level 3 spell: Swiftness
  7361 | D:6      | Reached skill level 1 in Armour
  7361 | D:6      | Reached skill level 9 in Spellcasting
  7941 | D:7      | Reached * piety under Ashenzari
  8419 | D:7      | Noticed a slime creature
  8460 | D:7      | Noticed a slime creature
  8460 | D:7      | Noticed a slime creature
  8471 | D:7      | Killed a slime creature
  8472 | D:7      | Reached XP level 10. HP: 56/69 MP: 0/0
  8538 | D:7      | Noticed Harold
  8737 | D:8      | Found Xuninu's Antique Armour Shoppe.
  9229 | D:8      | Reached ** piety under Ashenzari
  9400 | D:8      | Bought a faintly humming ring mail for 288 gold pieces
  9400 | D:8      | Identified the +0 ring mail of the Wary Interlopers {rPois
                  | rF++} (You bought it in a shop on level 8 of the Dungeon)
  9491 | D:7      | Found a sparkling altar of Nemelex Xobeh.
  9575 | D:7      | Reached skill level 1 in Evocations
  9628 | D:7      | Found a staircase to the Ecumenical Temple.
  9651 | D:7      | Reached skill level 10 in Spellcasting
 10301 | D:7      | Killed Harold
 10803 | D:9      | Reached XP level 11. HP: 54/76 MP: 0/0
 10803 | D:9      | Learned a level 5 spell: Fireball
 10807 | D:9      | Noticed a two-headed ogre
 10938 | D:9      | Reached skill level 11 in Spellcasting
 11035 | D:9      | Found a hide-covered altar of Uskayaw.
 11035 | D:9      | Found a blossoming altar of Fedhas.
 11036 | D:9      | Found a basalt altar of Yredelemnul.
 11392 | D:9      | Found an ornate altar of the Wu Jian Council.
 11569 | D:9      | Killed a two-headed ogre
 11884 | D:10     | Entered Level 10 of the Dungeon
 11913 | D:10     | Reached *** piety under Ashenzari
 12015 | D:10     | Found a viscous altar of Jiyva.
 12063 | D:10     | Noticed a two-headed ogre
 12067 | D:10     | Killed a two-headed ogre
 12072 | D:10     | Noticed Maggie
 12173 | D:10     | Noticed Josephine
 12188 | D:10     | Reached skill level 5 in Dodging
 12192 | D:10     | Killed Josephine
 12193 | D:10     | Reached skill level 5 in Fighting
 12197 | D:10     | Reached skill level 5 in Stealth
 12536 | D:10     | Killed Maggie
 12537 | D:10     | Reached skill level 12 in Spellcasting
 12675 | D:10     | Found a staircase to the Orcish Mines.
 12692 | D:10     | Noticed a two-headed ogre
 12774 | D:10     | Reached XP level 12. HP: 81/85 MP: 0/0
 13012 | D:10     | Killed a two-headed ogre
 13837 | D:11     | Found a frozen archway.
 14016 | IceCv    | Entered an ice cave
 14020 | IceCv    | Reached skill level 13 in Spellcasting
 14026 | IceCv    | Found a transporter.
 14039 | IceCv    | Found a transporter.
 14462 | D:11     | Found a staircase to the Lair.
 14658 | D:11     | Noticed a two-headed ogre
 14664 | D:11     | Killed a two-headed ogre
 14665 | D:11     | Reached XP level 13. HP: 61/92 MP: 0/0
 14665 | D:11     | Learned a level 5 spell: Alistair's Intoxication
 15238 | D:11     | Reached skill level 5 in Armour
 15389 | D:11     | Found a runed translucent door.
 16012 | Orc:1    | Entered Level 1 of the Orcish Mines
 16448 | Orc:1    | Noticed an orc warlord
 16624 | Lair:1   | Entered Level 1 of the Lair of Beasts
 16706 | Lair:1   | Noticed a five-headed hydra
 16714 | Lair:1   | Killed a five-headed hydra
 16739 | Lair:1   | Noticed Prince Ribbit
 16744 | Lair:1   | Killed Prince Ribbit
 16798 | Lair:1   | Noticed Urug
 16927 | Lair:1   | Killed Urug
 17215 | Lair:2   | Noticed Gastronok
 17225 | Lair:2   | Killed Gastronok
 17226 | Lair:2   | Reached skill level 5 in Evocations
 17532 | Lair:2   | Identified the +11 trident of Peace {vorpal, rCorr Str+8}
 17677 | Lair:2   | Reached XP level 14. HP: 86/103 MP: 0/0
 18065 | Lair:3   | Identified the +0 ring mail of the Stallion {*Corrode rPois
                  | rN+++ Regen+}
 18240 | Lair:3   | Reached skill level 14 in Spellcasting
 18307 | Lair:3   | Reached **** piety under Ashenzari
 18636 | Lair:3   | Found a staircase to the Shoals.
 18637 | Lair:3   | Identified the +1 buckler of the Beginning {Rampage rCorr
                  | Int+4 Stlth+}
 18714 | Lair:2   | Reached skill level 1 in Shields
 19033 | Lair:3   | Identified the amulet "Nuvas" {rF- Regen+ Dex+5}
 19757 | Lair:4   | Found a hole to the Spider Nest.
 19802 | Lair:6   | Entered Level 6 of the Lair of Beasts
 19818 | Lair:6   | Reached skill level 15 in Spellcasting
 20599 | Lair:5   | Reached XP level 15. HP: 90/113 MP: 0/0
 20599 | Lair:5   | Learned a level 6 spell: Shadow Creatures
 20689 | Lair:6   | Identified the +3 shortbow of Wicked Gallantry {freeze,
                  | Dex+4}
 21358 | Lair:6   | Found a staircase to the Slime Pits.
 21383 | Lair:6   | Reached skill level 16 in Spellcasting
 22858 | Lair:6   | Found a sacrificial altar of Ru.
 23130 | Lair:6   | Noticed Kirke
 23140 | Lair:6   | Killed Kirke
 23539 | Lair:6   | Reached XP level 16. HP: 110/120 MP: 0/0
 24655 | Orc:1    | Found a shimmering altar of Xom.
 24913 | Orc:2    | Entered Level 2 of the Orcish Mines
 25499 | Orc:2    | Reached skill level 17 in Spellcasting
 25889 | Orc:2    | Found a runed translucent gate.
 25889 | Orc:2    | Found a runed translucent gate.
 25889 | Orc:2    | Found a runed translucent gate.
 25890 | Orc:2    | Noticed tatocazan's ghost (journeyman MiFi)
 25985 | Orc:2    | Found a staircase to the Elven Halls.
 25992 | Orc:2    | Identified the +10 hand crossbow "Woxt" {flame, Will+
                  | Dex+6}
 26600 | Orc:2    | Found Koetzemn's Assorted Antiques.
 26600 | Orc:2    | Found Nav Qots's Magic Scroll Emporium.
 26601 | Orc:2    | Found Bimiumn's Antique Weapon Emporium.
 26604 | Orc:2    | Found Iluhy's Distillery.
 26625 | Orc:2    | Bought a scroll of fear for 56 gold pieces
 26625 | Orc:2    | Bought a scroll of magic mapping for 56 gold pieces
 27920 | D:12     | Reached ***** piety under Ashenzari
 28465 | D:13     | Found a gate to the Vaults.
 29588 | D:14     | Noticed Frances
 30094 | D:14     | Killed Frances
 30095 | D:14     | Reached XP level 17. HP: 109/130 MP: 0/0
 30095 | D:14     | Learned a level 6 spell: Statue Form
 30537 | D:15     | Entered Level 15 of the Dungeon
 30798 | D:15     | Reached skill level 18 in Spellcasting
 31229 | D:15     | Found a staircase to the Depths.
 31906 | Elf:1    | Entered Level 1 of the Elven Halls
 32143 | Elf:1    | Found a stormy altar of Qazlal.
 32360 | Depths:1 | Entered Level 1 of the Depths
 32994 | Depths:1 | Found a one-way gate to the infinite horrors of the Abyss.
 34520 | Depths:1 | Reached skill level 19 in Spellcasting
 34929 | Depths:1 | Reached XP level 18. HP: 118/136 MP: 0/0
 35307 | Depths:1 | Found a glowing golden altar of the Shining One.
 35312 | Depths:1 | Found a burning altar of Makhleb.
 35577 | Depths:1 | Found a gateway to Hell.
 35763 | Depths:1 | Found Bopsumio's Jewellery Emporium.
 35763 | Depths:1 | Found Toli's Book Shop.
 35763 | Depths:1 | Noticed a lich
 35766 | Depths:1 | Killed a lich
 35810 | Depths:1 | Found Viczar's Book Shop.
 36136 | Depths:2 | Reached skill level 10 in Armour
 37247 | Depths:2 | Identified the +2 robe "Ystoyl" {rCorr Str+8 Int-5 Dex+6}
 37525 | Depths:2 | Identified the +2 pair of boots of Zyusin {Will+}
 37563 | Depths:2 | Identified the +2 robe "Omi Yfraso" {rElec rN+ Str+5}
 38408 | Depths:2 | Reached skill level 20 in Spellcasting
 38805 | Depths:3 | Reached XP level 19. HP: 54/141 MP: 0/0
 38805 | Depths:3 | Learned a level 7 spell: Haunt
 39700 | Depths:3 | Found a one-way gate leading to the halls of Pandemonium.
 39958 | Depths:3 | Identified Tefrad's Spellweaving Continued
 40243 | Depths:3 | Found a broken altar of Ashenzari.
 40382 | Depths:4 | Noticed a caustic shrike
 40388 | Depths:4 | Noticed a tentacled monstrosity
 40488 | Depths:4 | Noticed Xtahua
 41364 | Depths:4 | Paralysed by a floating eye for 2 turns
 41623 | Depths:4 | Killed Xtahua
 42475 | Depths:4 | Identified the ring "Cocapim" {MP+9 Str+2}
 42494 | Depths:4 | Noticed a golden dragon
 43269 | Depths:4 | Noticed a lich
 43282 | Depths:4 | Killed a lich
 43435 | Depths:4 | Found a shadowy altar of Dithmenos.
 43850 | Depths:4 | Reached skill level 21 in Spellcasting
 44448 | Depths:4 | Noticed a lich
 44498 | Depths:4 | Killed a lich
 44664 | Depths:4 | Noticed Boris
 44972 | Depths:4 | Noticed a lich
 44976 | Depths:4 | Killed a lich
 44977 | Depths:4 | Reached XP level 20. HP: 138/148 MP: 0/0
 45246 | Depths:5 | Entered Level 5 of the Depths
 45256 | Depths:5 | Noticed a caustic shrike
 45392 | Depths:5 | Found a gateway to a ziggurat.
 45392 | Depths:5 | Noticed an ancient lich
 45835 | Depths:5 | Noticed a caustic shrike
 45839 | Depths:5 | Noticed a caustic shrike
 45839 | Depths:5 | Noticed a caustic shrike
 45840 | Depths:5 | Noticed a caustic shrike
 45841 | Depths:5 | Noticed a caustic shrike
 46014 | Depths:3 | Voluntarily entered the Abyss.
 46344 | Abyss:3  | Killed from afar by a hell hog

Illustrated notes

Levels and vault maps discovered:
D:1:      wander_arrival_estate, layout_basic
D:2:      layout_loops_cross, basic_altar,
          hellmonk_ecumenical_altar_leap_of_faith
D:3:      layout_loops_ring, gammafunk_ghost_split
D:4:      minmay_angry_zag, layout_basic, cheibrodos_ashenzari_chains,
          serial_shops, nicolae_shop_competitors_out_of_business,
          chequers_serial_rivers_small_b, uniq_robin
D:5:      layout_rooms, serial_shops, kennysheep_mini_moat
D:6:      layout_gridville
D:7:      layout_basic, mainiacjoe_overflow_24_doors,
          minmay_temple_entry_gardened_gates, uniq_harold
D:8:      layout_loops_cross, serial_shops, shop
D:9:      layout_loops_ring, lemuel_round_altar,
          gammafunk_temple_overflow_forgotten
D:10:     layout_small_grid, david_orc_2, minmay_holes, jiyva_altar_1,
          uniq_josephine, uniq_maggie
D:11:     gammafunk_mikee_crab_dinner, layout_gridville, david_lair_generic,
          portal_ice_cave_entry_animals_and_master, onia_ninara_cookie
D:12:     layout_basic
D:13:     layout_cave_pods, david_vaults_2, st_stairs_10
D:14:     layout_basic, serial_park_avenue1, hex_medium, uniq_frances
D:15:     grunt_enter_depths_giant_problem, layout_gridville
Lair:1:   layout_cave_pods, minivault_23, uniq_erica, uniq_urug,
          uniq_prince_ribbit2
Lair:2:   layout_regular_city, chequers_serial_rivers_micro_b,
          serial_bayou_pond_e, beast_lair_carwin_9, uniq_gastronok
Lair:3:   layout_hall_layers, minmay_shoals_entry_beasts, minmay_lindwurm_lava
Lair:4:   layout_roguey, dummy_spider_entry, serial_bayou_pond_d,
          lemuel_another_geyser, infiniplex_staircase_pool_2
Lair:5:   layout_cave_pods, grunt_megastairs_4, minmay_lair_oklob_chamber
Lair:6:   minmay_lair_end_frog_pond, layout_cave_pods, slime_dummy, basic_altar,
          bobbens_dragon_lair_wall, uniq_kirke
Orc:1:    layout_diamond_mine, basic_altar, library_closet
Orc:2:    st_orc_mages, layout_caves, basic_altar, biasface_ghost_orc_armoury
Elf:1:    eino_elf_arrival_shootout, layout_loops_corners,
          minmay_elf_necromancy, st_stairs_3, nicolae_elf_altarnating,
          minmay_shoptagon
Depths:1: layout_gridlike, abyss_entry, hangedman_geh_valley, nzn_life_drinkers,
          serial_bayou_shore_b, grunt_megastairs_3, minmay_shop_grove,
          firewood_loft, serial_bayou_shore_b
Depths:2: minmay_tri_stars, layout_gridlike, hell_entry,
          infiniplex_staircase_trident
Depths:3: hangedman_cross_stitches, layout_gridlike, abyss_entry_glasseish,
          kennysheep_flooded_box, hell_entry, grunt_pan_entry_spiral,
          kennysheep_generic_room_9
Depths:4: evilmike_halls_of_destruction, layout_cave_shapes,
          grunt_dithmenos_smoke, hell_entry, abyss_entry,
          rand_demon_pan_entry_7, serial_co_window_serial,
          co_window_of_opportunity_a, co_window_corner_a, co_window_paths_b,
          co_window_paths_a, co_window_paths_a, co_window_paths_c,
          co_window_of_opportunity_b, co_window_paths_c, co_window_broadway_b,
          co_window_unsneaky_path_d, glass_columns_c, glass_columns_a,
          glass_columns_c, onia_ninara_dug_in_and_dangerous, uniq_xtahua
Depths:5: evilmike_zot_entry_hall, layout_twisted_cross, enter_ziggurat_d,
          lightli_too_deep, hangedman_abyss_or_decor_lesser_grid,
          rand_demon_pan_entry_3, uniq_boris
Abyss:3:  base: D:11, nicolae_abyss_rune_left_handed,
          evilmike_nicolae_abyss_rune_betentacled_crabyss, base:
D:11

Skill      XL: |  1  2  3  4  5  6  7  8  9 10 11 12 13 14 15 16 17 18 19 |
---------------+----------------------------------------------------------+-----
Spellcasting   | 4 5 6 7 8 9 10 12 13 15 16 17 19 20 21 | 21.4
Fighting       | 2 3 4 5 6 7 8 |  8.7
Stealth        | 2 3 4 5 |  5.8
Dodging        | 3 4 5 6 8 |  8.7
Armour         | 2 4 6 7 9 10 11 | 11.0
Evocations     | 2 5 |  5.1
Shields        | 1 2 3 |  3.5
Staves         | |  0.9

Action                   |  1- 3 |  4- 6 |  7- 9 | 10-12 | 13-15 | 16-18 | 19-21 || total
-------------------------+-------+-------+-------+-------+-------+-------+-------++-------
Melee: Staff             |       |     1 |       |     1 |     7 |    23 |    18 ||    50
 Cast: Magic Dart        |    66 |   134 |   181 |    71 |    39 |    28 |     6 ||   525
       Corpse Rot        |       |     3 |     1 |       |       |       |       ||     4
       Dazzling Flash    |       |     1 |       |       |       |       |       ||     1
       Iskenderun's Myst |       |       |    17 |    15 |    34 |    19 |    43 ||   128
       Fulminant Prism   |       |       |    28 |    42 |    47 |     1 |       ||   118
       Fireball          |       |       |       |    73 |   225 |   437 |   127 ||   862
       Swiftness         |       |       |       |     1 |       |     1 |     1 ||     3
       Shadow Creatures  |       |       |       |       |     5 |    36 |    11 ||    52
       Haunt             |       |       |       |       |       |       |    38 ||    38
Invok: Curse Item        |       |       |     2 |     2 |     2 |     1 |       ||     7
Evoke: Box of beasts     |       |       |       |       |       |       |     1 ||     1
  Use: Potion            |       |       |       |       |       |       |     1 ||     1
 Stab: Distracted        |       |       |       |       |     1 |       |       ||     1
Armor: Robe              |     2 |     6 |    14 |       |       |       |       ||    22
       Leather armour    |       |       |     1 |     4 |       |       |       ||     5
       Ice dragon scales |       |       |       |     6 |    46 |    25 |    14 ||    91
Dodge: Dodged            |     5 |    17 |    20 |    16 |    23 |    37 |    29 ||   147
Block: Buckler           |       |       |       |       |     9 |    17 |    15 ||    41
